 Dungeon Crawl Stone Soup version 0.27-a0-1579-g97d2440184 (webtiles) character file.

Game seed: 9216069411787437046

182 Spaninq the Ducker (level 5, -2/32 HPs)
             Began as a Kobold Arcane Marksman on July 17, 2021.
             Slain by a scorpion (8 damage)
             ... on level 5 of the Dungeon.
             The game lasted 00:13:13 (4367 turns).

Spaninq the Ducker (Kobold Arcane Marksman)         Turns: 4367, Time: 00:13:14

Health: -2/32      AC:  5    Str:  6 (8)  XL:     5   Next: 93%
Magic:  6/6        EV: 12    Int: 12 (15) God:
Gold:   138        SH:  0    Dex: 12 (15) Spells: 5/6 levels left

rFire    . . .     SeeInvis .   v - +0 short sword
rCold    . . .     Faith    .   (shield restricted)
rNeg     . . .     Spirit   .   j - +0 ring mail
rPois    +         Reflect  .   (no helmet)
rElec    .         Harm     .   (no cloak)
rCorr    .         Rampage  .   (no gloves)
Will     +....                  (no boots)
Stlth    ++........             (no amulet)
HPRegen  0.10/turn              k - ring of willpower
MPRegen  0.10/turn              m - ring of poison resistance

@: brilliant, flying
A: small, no large weapons, nightstalker 3
a: no special abilities


You were on level 5 of the Dungeon.
You visited 1 branch of the dungeon, and saw 5 of its levels.

You collected 138 gold pieces.

Inventory:

Hand Weapons
 a - a +0 hand crossbow
 e - a +0 morningstar
 v - a +0 short sword (weapon)
Missiles
 c - 90 bolts
Armour
 j - a +0 ring mail (worn)
Jewellery
 k - a ring of willpower (left hand)
 m - a ring of poison resistance (right hand)
Scrolls
 d - a scroll of torment {unknown}
 f - 2 scrolls of teleportation {unknown}
 g - a scroll of magic mapping {unknown}
 h - 5 scrolls of identify {unknown}
 i - a scroll of enchant armour {unknown}
 n - a scroll of enchant weapon {unknown}
 q - 2 scrolls of holy word {unknown}
 s - a scroll of amnesia {unknown}
Potions
 b - a potion of curing
 o - a potion of degeneration
 r - a potion of haste {unknown}
 t - a potion of magic {unknown}
 u - a potion of flight


   Skills:
 + Level 2.9 Fighting
 * Level 2.0 Short Blades
 - Level 3.5 Crossbows
 + Level 1.8 Armour
 + Level 3.8 Dodging
 - Level 1.1 Spellcasting
 - Level 3.0 Hexes


You had 5 spell levels left.
You knew the following spells:

 Your Spells              Type           Power      Damage    Failure   Level
a - Corona                Hex            12%        N/A       32%         1

Your spell library contained the following spells:

 Spells                   Type           Power      Damage    Failure   Level
 Slow                     Hex            11%        N/A       45%         2
 Foxfire                  Conj/Fire      0%         2x1d4     75%         1
 Magic Dart               Conj           0%         1d3       75%         1
 Searing Ray              Conj           0%         3d3       86%         2
 Sublimation of Blood     Necr           0%         N/A       86%         2
 Wereblood                Tmut           0%         N/A       86%         2
 Inner Flame              Hex/Fire       6%         N/A       88%         3
 Portal Projectile        Hex/Tloc       12%        N/A       88%         3
 Cause Fear               Hex            5%         N/A       97%         4
 Conjure Flame            Conj/Fire      0%         6-21      98%         3
 Fulminant Prism          Conj/Hex       3%         3d6       99%         4
 Summon Hydra             Summ           0%         N/A       100%        7


Dungeon Overview and Level Annotations

Branches:
Dungeon (5/15)
 Temple: D:4-7

Altars:
Elyvilon
Zin
The Shining One
Beogh

Shops:
D:1 [   D:4 [


Innate Abilities, Weirdness & Mutations

You are small and have problems with some larger weapons.
You are completely attuned to the shadows.


Message History

You closely miss the scorpion. The scorpion closely misses you.
The scorpion stings you.
You are poisoned.
The scorpion poisons you!
You hit the scorpion.
The scorpion is lightly wounded.
You feel very sick. The scorpion stings you. x2
v - a +0 short sword (weapon)
You feel sick.
You closely miss the scorpion.
The scorpion is lightly wounded.
You feel sick. The scorpion closely misses you.
The scorpion stings you but does no damage.
You hit the scorpion but do no damage.
The scorpion is lightly wounded.
You feel sick. The scorpion stings you.
You closely miss the scorpion.
The scorpion is lightly wounded.
You feel sick. The scorpion stings you.
* * * LOW HITPOINT WARNING * * *
It was a potion of degeneration.
There was something very wrong with that liquid.
You feel weakened.
You feel dopey.
You feel clumsy.
* * * LOW HITPOINT WARNING * * *
You feel sick.
The scorpion stings you but does no damage.
It was a potion of flight.
You feel very buoyant.
You fly up into the air.
* * * LOW HITPOINT WARNING * * *
You feel sick. The scorpion barely misses you.
It was a potion of curing.
You feel better. The scorpion stings you!
* * * LOW HITPOINT WARNING * * *
The scorpion stings you.
* * * LOW HITPOINT WARNING * * *
It was a potion of brilliance.
You feel clever all of a sudden. The scorpion stings you!
You die...

######
......#
.......#
........####
...........+
........)###
.........###.
.............
........@....
####'#..s....
#...........
+..........#
#........###
+.>.........
#....#....##
####....###
#+#.##


You could see a scorpion.

Vanquished Creatures
  An iguana (D:4)
  4 gnolls (D:2)
  3 adders
  An ufetubus (D:4)
  An adder skeleton (D:4)
  A worm (D:3)
  2 dart slugs
  5 orcs
  2 endoplasms
  3 giant cockroaches
  3 goblins
  3 hobgoblins
  13 jackals
  A quokka (D:1)
  6 ball pythons
  7 bats
  4 frilled lizards
  7 kobolds
  7 rats
74 creatures vanquished.

Notes
Turn   | Place    | Note
-------+----------+-------------------------------------------
     0 | D:1      | Spaninq the Kobold Arcane Marksman began the quest for the
                  | Orb.
     0 | D:1      | Reached XP level 1. HP: 12/12 MP: 2/2
   232 | D:1      | Reached XP level 2. HP: 16/16 MP: 3/3
   787 | D:1      | Found Cegaxzuo's Armour Boutique.
   812 | D:1      | Reached XP level 3. HP: 13/20 MP: 4/4
  1574 | D:2      | Reached skill level 1 in Armour
  1575 | D:2      | Reached XP level 4. HP: 23/26 MP: 5/5
  1841 | D:2      | Found a faded altar of an unknown god.
  2262 | D:3      | Reached XP level 5. HP: 24/31 MP: 6/6
  2782 | D:3      | Found a glowing golden altar of the Shining One.
  2783 | D:3      | Found a glowing silver altar of Zin.
  2783 | D:3      | Found a white marble altar of Elyvilon.
  3103 | D:4      | Reached skill level 1 in Short Blades
  3652 | D:4      | Found Iwaitops's Antique Armour Shop.
  4329 | D:5      | Entered Level 5 of the Dungeon
  4367 | D:5      | Slain by a scorpion

Illustrated notes

Levels and vault maps discovered:
D:1:      evilmike_arrival_rings, layout_basic, serial_shops, shop
D:2:      layout_rooms, hellmonk_ecumenical_altar_defaced_shrine
D:3:      layout_loops_cross, good_gods_temple_1
D:4:      layout_basic, serial_shops, shop
D:5:      layout_basic, minmay_temple_entry_poolview

Skill      XL: |  1  2  3  4  5 |
---------------+----------------+-----
Crossbows      | 3 |  3.5
Dodging        | 3 |  3.8
Fighting       | 2 |  2.9
Armour         | 1 |  1.8
Short Blades   | 2 |  2.0
Spellcasting   | |  1.1
Hexes          | |  3.0

Action                   |  1- 3 |  4- 6 || total
-------------------------+-------+-------++-------
Melee: Dagger            |    64 |       ||    64
       Morningstar       |     5 |   136 ||   141
       Short sword       |       |     3 ||     3
 Fire: Hand crossbow     |    51 |    13 ||    64
  Use: Potion            |       |     4 ||     4
 Stab: Sleeping          |     2 |     7 ||     9
       Distracted        |     1 |     1 ||     2
Armor: Leather armour    |    26 |       ||    26
       Ring mail         |       |    57 ||    57
Dodge: Dodged            |    86 |   143 ||   229

Table legend: (Time is in decaauts)
 A = Elapsed time spent in this place.
 B = Non-inter-level travel time spent in this place.
 C = Inter-level travel time spent in this place.
 D = Time resting spent in this place.
 E = Time spent auto-exploring this place.
 F = Levels seen in this place.
 G = Mean time per level.
                   A        B        C        D        E       F      G
               +--------+--------+--------+--------+--------+-----+--------+
         Total |   4452 |   4240 |    212 |    638 |   2534 |   5 |  890.4 |
       Dungeon |   4452 |   4240 |    212 |    638 |   2534 |   5 |  890.4 |
               +--------+--------+--------+--------+--------+-----+--------+

Top non-repeatable levels by time:
     D:1: 1419 daAuts
     D:4: 1275 daAuts
     D:3: 891 daAuts
     D:2: 828 daAuts
     D:5: 38 daAuts
